 Dungeon Crawl Stone Soup version 0.30-a0-1114-gd936c97349 (webtiles) character file.

Game seed: 17605200863815186929

1056 Yeetaclus the Shield-Bearer (level 8, 0/67 HPs)
             Began as a Gnoll Fighter on Apr 20, 2023.
             Was an Initiate of Vehumet.
             Slain by a gnoll
             ... wielding a +0 halberd
             ... led by a gnoll bouda
              (1 damage)
             ... on level 6 of the Dungeon.
             The game lasted 01:29:27 (7193 turns).

Yeetaclus the Shield-Bearer (Gnoll Fighter)         Turns: 7193, Time: 01:29:28

Health: 0/67       AC: 14    Str: 18    XL:     8   Next: 26%
Magic:  0/12       EV:  6    Int:  7    God:    Vehumet [......]
Gold:   373        SH:  5    Dex: 12    Spells: 13/13 levels left

rFire   + . .      SeeInvis .    C - +7 short sword "Jod Deut" {flame, *Slow rF+ rC+, Yeet thy foes}
rCold   + . .      Faith    .    c - +0 buckler
rNeg    . . .      Spirit   +    g - +0 plate armour
rPois   .          Reflect  .    d - +1 helmet
rElec   .          Rampage  .    (no cloak)
rCorr   .                        (no gloves)
Will    .....                    (no boots) Stlth
                                 i - amulet of guardian spirit {Protect thy yeeter}
HPRegen 0.31/turn                l - +4 ring of protection
MPRegen 0.13/turn                (no ring)

@: no status effects
A: fangs 1, strong nose, distributed training, deformed body
a: Renounce Religion


You were on level 6 of the Dungeon.
You worshipped Vehumet.
Vehumet was noncommittal.
You visited 2 branches of the dungeon, and saw 7 of its levels.

You collected 373 gold pieces.

Inventory:

Hand Weapons
 a - a +0 long sword
 e - a +2 short sword of protection {Yeet thy foes}
 p - a +0 whip
 q - a +3 short sword
 x - a +0 hammer
 y - a +0 war axe
 C - the +7 short sword "Jod Deut" (weapon) {flame, *Slow rF+ rC+, Yeet thy foes}
   (You found it on level 4 of the Dungeon)

   rF:        It protects you from fire.
   rC:        It protects you from cold.
   *Slow:     It may slow you when you take damage.
 F - a +2 spear of venom
Armour
 b - a +0 scale mail
 c - a +0 buckler (worn)
 d - a +1 helmet (worn)
 g - a +0 plate armour (worn)
 j - a +0 robe
 z - the +0 leather armour of the Skies Above {+Blink +Inv rF- SInv}
   (You found it on level 4 of the Dungeon)

   rF:        It makes you vulnerable to fire.
   SInv:      It lets you see invisible.
   +Inv:      It lets you turn invisible.
   +Blink:    It lets you blink.
Magical Staves
 B - a staff of air
Jewellery
 i - an amulet of guardian spirit (around neck) {Protect thy yeeter}
 l - a +4 ring of protection (left hand)
 n - an amulet of faith
Wands
 r - a wand of mindburst (7)
 E - a wand of roots (6)
 H - a wand of flame (14)
Scrolls
 h - a scroll of enchant armour {unknown}
 m - a scroll of fog {unknown}
 s - 2 scrolls of poison {unknown}
 t - 4 scrolls of identify {unknown}
 v - a scroll of amnesia {unknown}
 w - a scroll of blinking {unknown}
 A - 2 scrolls of immolation {unknown}
 D - a scroll of butterflies {unknown}
 I - a scroll of acquirement {unknown}
Potions
 o - 2 potions of flight


   Skills:
 + Level 7.3 Fighting
 + Level 3.2 Short Blades
 + Level 5.6 Long Blades
 + Level 3.2 Axes
 + Level 3.2 Maces & Flails
 + Level 3.2 Polearms
 + Level 3.2 Staves
 + Level 3.2 Ranged Weapons
 + Level 3.2 Throwing
 + Level 7.3 Armour
 + Level 3.2 Dodging
 + Level 3.2 Stealth
 + Level 7.3 Shields
 + Level 3.2 Unarmed Combat
 + Level 3.2 Spellcasting
 + Level 2.6 Conjurations
 + Level 2.6 Hexes
 + Level 2.6 Summonings
 + Level 2.6 Necromancy
 + Level 2.6 Translocations
 + Level 2.6 Transmutations
 + Level 2.6 Fire Magic
 + Level 2.6 Ice Magic
 + Level 2.6 Air Magic
 + Level 2.6 Earth Magic
 + Level 2.6 Poison Magic
 + Level 3.5 Invocations
 + Level 3.2 Evocations


You had 13 spell levels left.
You didn't know any spells.
Your spell library contained the following spells:

 Spells                   Type           Power      Damage    Failure   Level
 Freeze                   Ice            16%        1d4       99%         1
 Frozen Ramparts          Ice            8%         1d2       100%        3
 Hailstorm                Conj/Ice       4%         3d4       100%        3
 Ozocubu's Armour         Ice            4%         N/A       100%        3
 Metabolic Englaciation   Hex/Ice        2%         N/A       100%        5
 Simulacrum               Ice/Necr       2%         N/A       100%        6


Dungeon Overview and Level Annotations

Branches:
Dungeon (6/15)             Temple (1/1) D:6

Altars:
Ashenzari
Cheibriados
Dithmenos
Elyvilon
Fedhas
Gozag
Nemelex Xobeh
Trog
Vehumet
Wu Jian
Yredelemnul
Zin

Shops:
D:5 !


Innate Abilities, Weirdness & Mutations

You have very sharp teeth.
Your uncanny sense of smell can sniff out nearby items.
Your experience applies equally to all skills.
Armour fits poorly on your strangely shaped body.


Message History

The gnoll hits you with a +0 club.
You barely miss the gnoll.
The gnoll is moderately wounded.
You block the gnoll's attack. The iguana bites you!
* * * LOW HITPOINT WARNING * * *
The gnoll hits you from afar with a +0 halberd.
* * * LOW HITPOINT WARNING * * *
You block the gnoll's attack.
You closely miss the gnoll. The gnoll hits you but does no damage.
The iguana bites you but does no damage.
The gnoll hits you from afar with a +0 halberd.
* * * LOW HITPOINT WARNING * * *
The gnoll hits you with a +0 club.
* * * LOW HITPOINT WARNING * * *
You hit the gnoll. You burn the gnoll.
The gnoll is severely wounded.
The iguana bites you.
* * * LOW HITPOINT WARNING * * *
The gnoll hits you but does no damage. You block the gnoll's attack.
You closely miss the gnoll. Your bite misses the gnoll.
The gnoll is severely wounded.
The gnoll barely misses you. The iguana closely misses you.
The gnoll completely misses you.
You hit the gnoll. You burn the gnoll.
You kill the gnoll!
Vehumet accepts your kill.
The gnoll is no longer moving quickly.
The gnoll closely misses you. The iguana bites you!
* * * LOW HITPOINT WARNING * * *
The gnoll hits you but does no damage. The gnoll barely misses you.
Things that are here:
a +0 club; a gnoll corpse The gnoll is no longer moving quickly.
The gnoll hits you with a +0 whip.
* * * LOW HITPOINT WARNING * * *
You hit the gnoll. You burn the gnoll.
The gnoll is severely wounded.
The iguana hisses menacingly.
You block the iguana's attack. The gnoll hits you but does no damage.
The gnoll hits you from afar with a +0 halberd.
You die...

## #.. .... ###....
### .#....#
#.##.....##
###.@lg......
##...g)##..... ###
##....#.....##.
##..###....##.....#
###.........###.....#
#............##....##
##.......##..###[..#
##.......##....# ##..
#.......##.....#. ...


You could see an iguana and 2 gnolls.

Vanquished Creatures
  An ice beast (D:6)
  An ogre (D:5)
  A centaur (D:6)
  3 phantoms
  2 scorpions
  A bullfrog (D:6)
  A gnoll bouda (D:6)
  4 hounds
  3 iguanas
  2 gnolls
  5 adders
  An ufetubus (D:5)
  4 worms
  2 dart slugs
  An orc (D:3)
  7 ball pythons
  11 endoplasms
  3 giant cockroaches
  8 goblins
  9 hobgoblins
  3 jackals (D:3)
  9 kobolds
  3 quokkas
  4 bats (D:1)
  3 frilled lizards
  4 rats
96 creatures vanquished.

Vanquished Creatures (others)
  14 fungi (D:2)
  5 plants (D:3)
  2 toadstools (D:2)
21 creatures vanquished.

Grand Total: 117 creatures vanquished

Notes
Turn   | Place    | Note
-------+----------+-------------------------------------------
     0 | D:1      | Yeetaclus the Gnoll Fighter began the quest for the Orb.
     0 | D:1      | Reached XP level 1. HP: 23/23 MP: 1/1
   233 | D:1      | Reached XP level 2. HP: 27/29 MP: 2/2
   763 | D:1      | Reached XP level 3. HP: 35/35 MP: 3/3
  1194 | D:1      | Reached skill level 1 in Invocations
  1511 | D:1      | Found a faded altar of an unknown god.
  2527 | D:2      | Reached skill level 1 in Short Blades
  2527 | D:2      | Reached skill level 1 in Axes
  2527 | D:2      | Reached skill level 1 in Maces & Flails
  2527 | D:2      | Reached skill level 1 in Polearms
  2527 | D:2      | Reached skill level 1 in Staves
  2527 | D:2      | Reached skill level 1 in Ranged Weapons
  2527 | D:2      | Reached skill level 1 in Throwing
  2527 | D:2      | Reached skill level 1 in Dodging
  2527 | D:2      | Reached skill level 1 in Stealth
  2527 | D:2      | Reached skill level 1 in Unarmed Combat
  2527 | D:2      | Reached skill level 1 in Spellcasting
  2527 | D:2      | Reached skill level 1 in Evocations
  3012 | D:3      | Reached XP level 4. HP: 36/41 MP: 5/5
  4242 | D:4      | Found a broken altar of Ashenzari.
  4262 | D:4      | Reached skill level 1 in Conjurations
  4262 | D:4      | Reached skill level 1 in Hexes
  4262 | D:4      | Reached skill level 1 in Summonings
  4262 | D:4      | Reached skill level 1 in Necromancy
  4262 | D:4      | Reached skill level 1 in Translocations
  4262 | D:4      | Reached skill level 1 in Transmutations
  4262 | D:4      | Reached skill level 1 in Fire Magic
  4262 | D:4      | Reached skill level 1 in Ice Magic
  4262 | D:4      | Reached skill level 1 in Air Magic
  4262 | D:4      | Reached skill level 1 in Earth Magic
  4262 | D:4      | Reached skill level 1 in Poison Magic
  4285 | D:4      | Noticed a phantom
  4308 | D:4      | Identified the +0 leather armour of the Skies Above {+Blink
                  | +Inv rF- SInv}
  4333 | D:4      | Killed a phantom
  4334 | D:4      | Reached XP level 5. HP: 45/47 MP: 5/7
  4471 | D:4      | Identified the +7 short sword "Jod Deut" {flame, *Slow rF+
                  | rC+}
  4537 | D:4      | Reached XP level 6. HP: 53/53 MP: 8/8
  5300 | D:5      | Entered Level 5 of the Dungeon
  5300 | D:5      | Found Uqehug's Distillery.
  5533 | D:5      | Gained mutation: You are agile. (Dex +4, Str/Int -1)
                  | [potion of mutation]
  5533 | D:5      | Lost mutation: You are agile. (Dex +4, Str/Int -1) [potion
                  | of mutation]
  5533 | D:5      | Gained mutation: Armour fits poorly on your strangely
                  | shaped body. [potion of mutation]
  5599 | D:5      | Reached skill level 5 in Long Blades
  5956 | D:5      | Reached XP level 7. HP: 40/60 MP: 8/10
  6607 | D:6      | Found a staircase to the Ecumenical Temple.
  6627 | Temple   | Entered the Ecumenical Temple
  6649 | Temple   | Became a worshipper of the Wu Jian Council
  6775 | Temple   | Fell from the grace of Wu Jian
  6775 | Temple   | Became a worshipper of Vehumet
  6898 | D:5      | Reached XP level 8. HP: 52/67 MP: 9/12
  7192 | D:6      | HP: 1/67 [gnoll/+0 whip[a gnoll bouda] (4)]
  7193 | D:6      | Slain by a gnoll

Illustrated notes

Levels and vault maps discovered:
D:1:      lightli_arrival_isolated_outpost, layout_basic,
          hellmonk_ecumenical_altar_heavens_door
D:2:      layout_basic, minmay_gold_behind_fungi
D:3:      layout_basic, minmay_misc_feat_plants, uniq_crazy_yiuf_cottage
D:4:      layout_basic, mainiacjoe_overflow_cross_hatched
D:5:      layout_gridville, nicolae_stop_n_shop_2, minmay_between
D:6:      layout_cave_pools, minmay_temple_entry_junction_2, uniq_duvessa,
          uniq_blork_the_orc
Temple:   minmay_temple_curvy_loop

Skill      XL: |  1  2  3  4  5  6  7 |
---------------+----------------------+-----
Invocations    | 1 2 3 |  3.5
Short Blades   | 1 2 3 |  3.2
Axes           | 1 2 3 |  3.2
Maces & Flails | 1 2 3 |  3.2
Polearms       | 1 2 3 |  3.2
Staves         | 1 2 3 |  3.2
Ranged Weapons | 1 2 3 |  3.2
Throwing       | 1 2 3 |  3.2
Dodging        | 1 2 3 |  3.2
Stealth        | 1 2 3 |  3.2
Unarmed Combat | 1 2 3 |  3.2
Spellcasting   | 1 2 3 |  3.2
Evocations     | 1 2 3 |  3.2
Conjurations   | 1 2 |  2.6
Hexes          | 1 2 |  2.6
Summonings     | 1 2 |  2.6
Necromancy     | 1 2 |  2.6
Translocations | 1 2 |  2.6
Transmutations | 1 2 |  2.6
Fire Magic     | 1 2 |  2.6
Ice Magic      | 1 2 |  2.6
Air Magic      | 1 2 |  2.6
Earth Magic    | 1 2 |  2.6
Poison Magic   | 1 2 |  2.6
Long Blades    | 5 |  5.6
Fighting       | 7 |  7.3
Armour         | 7 |  7.3
Shields        | 7 |  7.3

Action                     |  1- 3 |  4- 6 |  7- 9 || total
---------------------------+-------+-------+-------++-------
  Melee: Short sword       |   189 |   191 |   131 ||   511
         Long sword        |     8 |       |       ||     8
         Bite              |    27 |    18 |    18 ||    63
         War axe           |       |     6 |       ||     6
  Evoke: Wand              |       |       |     2 ||     2
    Use: Potion            |     4 |     7 |     4 ||    15
         Scroll            |     1 |     1 |     1 ||     3
 Armour: Scale mail        |    21 |       |       ||    21
         Plate armour      |    53 |    82 |   172 ||   307
         Leather armour    |       |    13 |       ||    13
  Dodge: Dodged            |    51 |    44 |    88 ||   183
  Block: Buckler           |    35 |    35 |    85 ||   155

Table legend: (Time is in decaauts)
 A = Elapsed time spent in this place.
 B = Non-inter-level travel time spent in this place.
 C = Inter-level travel time spent in this place.
 D = Time resting spent in this place.
 E = Time spent auto-exploring this place.
 F = Levels seen in this place.
 G = Mean time per level.
                   A        B        C        D        E       F      G
               +--------+--------+--------+--------+--------+-----+--------+
         Total |   7144 |   7093 |     51 |      0 |      5 |   7 | 1020.6 |
       Dungeon |   6922 |   6871 |     51 |      0 |      5 |   6 | 1153.7 |
        Temple |    221 |    221 |      0 |      0 |      0 |   1 |  221.0 |
               +--------+--------+--------+--------+--------+-----+--------+

Top non-repeatable levels by time:
     D:1: 1753 daAuts
     D:5: 1311 daAuts
     D:3: 1275 daAuts
     D:2: 1149 daAuts
     D:4: 1105 daAuts
     D:6: 326 daAuts
  Temple: 221 daAuts
